 Dungeon Crawl Stone Soup version 0.28-a0-410-gbef64dd269 (webtiles) character file.

Game seed: 4077298111466608864

3001 heikuro the Shield-Bearer (level 10, -2/76 HPs)
             Began as a Formicid Abyssal Knight on Sept 6, 2021.
             Was a Believer of Lugonu.
             Killed from afar by a kobold brigand (10 damage)
             ... with a bolt of acid
             ... on level 8 of the Dungeon.
             The game lasted 00:18:13 (10635 turns).

heikuro the Shield-Bearer (FoAK)                   Turns: 10635, Time: 00:18:13

Health: -2/76      AC: 11    Str: 20    XL:     10   Next: 9%
Magic:  14/14      EV: 10    Int:  9    God:    Lugonu [**....]
Gold:   293        SH:  9    Dex:  8    Spells: 9/9 levels left

rFire   . . .      SeeInvis +   r - +1 short sword (venom)
rCold   . . .      Faith    .   m - +0 kite shield
rNeg    . . .      Spirit   .   H - +1 scale mail of Dyspraxia {rElec Int-3 Slay+2}
rPois   +          Reflect  .   (helmet unavailable)
rElec   +          Harm     .   (no cloak)
rCorr   .          Rampage  .   y - +0 pair of gloves
Will    +....                   u - +0 pair of boots
Stlth   ..........              w - amulet of magic regeneration
HPRegen 0.22/turn               (no ring)
MPRegen 0.39/turn               (no ring)

@: no status effects
A: permanent stasis, dig shafts and tunnels, antennae 3, four strong arms,
clumsy 1, poison resistance, wild magic 2, sturdy frame 1
a: Dig, Shaft Self, Renounce Religion, Depart the Abyss, Bend Space


You were on level 8 of the Dungeon.
You worshipped Lugonu.
Lugonu was pleased with you.
You visited 2 branches of the dungeon, and saw 9 of its levels.
You visited the Abyss 1 time.

You collected 293 gold pieces.

Inventory:

Hand Weapons
 a - a +2 falchion
 b - a +0 hunting sling
 p - a +2 dagger of freezing
 r - a +1 short sword of venom (weapon)
Missiles
 i - 34 poisoned darts
 t - 89 sling bullets
 C - 2 javelins
 K - a curare-tipped dart
Armour
 f - a +0 chain mail
 m - a +0 kite shield (worn)
 u - a +0 pair of boots (worn)
 y - a +0 pair of gloves (worn)
 H - the +1 scale mail of Dyspraxia (worn) {rElec Int-3 Slay+2}
   (You found it on level 7 of the Dungeon)

   Int:       It affects your intelligence (-3).
   Slay:      It affects your accuracy & damage with ranged weapons and melee
   (+2).
   rElec:     It insulates you from electricity.
Jewellery
 l - a ring of fire
 n - a ring of ice
 w - an amulet of magic regeneration (around neck)
 J - a +4 ring of slaying
Wands
 q - a wand of iceblast (4)
Scrolls
 c - a scroll of enchant weapon
 g - a scroll of immolation {unknown}
 j - a scroll of teleportation {unknown}
 o - a scroll of summoning {unknown}
 v - a scroll of vulnerability {unknown}
 z - 3 scrolls of noise {unknown}
 A - a scroll of enchant armour {unknown}
 F - 2 scrolls of brand weapon {unknown}
 L - a scroll of identify
Potions
 d - 3 potions of invisibility
 e - 7 potions of curing
 h - a potion of ambrosia
 k - 2 potions of brilliance
 s - 3 potions of lignification
 x - 2 potions of magic
 B - a potion of resistance {unknown}
 D - 2 potions of berserk rage {unknown}
 E - a potion of heal wounds {unknown}
 G - a potion of cancellation {unknown}
 I - a potion of flight {unknown}


   Skills:
 + Level 6.2 Fighting
 * Level 7.2 Long Blades
 + Level 4.0 Slings
 + Level 5.6 Armour
 - Level 1.0 Dodging
 * Level 7.7 Shields
 + Level 6.2 Invocations


You had 9 spell levels left.
You didn't know any spells.
Your spell library contained the following spells:

 Spells                   Type           Power      Damage    Failure   Level
 Foxfire                  Conj/Fire      0%         2x1d4     83%         1
 Conjure Flame            Conj/Fire      0%         6-21      99%         3
 Inner Flame              Hex/Fire       0%         N/A       99%         3
 Flame Wave               Conj/Fire      0%         3d3       100%        4


Dungeon Overview and Level Annotations

Branches:
Dungeon (8/15)             Temple (1/1) D:7
   Lair: D:8-11

Altars:
Ashenzari
Cheibriados
Dithmenos
Elyvilon
Fedhas
Gozag
Hepliaklqana
Kikubaaqudgha
Makhleb
Nemelex Xobeh
Okawaru
Qazlal
Ru
Sif Muna
Trog
Uskayaw
Vehumet
Wu Jian
Xom
Yredelemnul
Zin
The Shining One
Beogh

Shops:
D:5 =   D:8 :

Annotations:
D:6 3 runed translucent doors, omnomnOMINOUS's ghost, novice OpWn


Innate Abilities, Weirdness & Mutations

You cannot be hasted, slowed, berserked, paralysed or teleported.
You can dig through walls and to a lower floor.
You have a pair of large antennae on your head. (SInv)
Your four strong arms can wield two-handed weapons with a shield.
You are clumsy. (Dex -2)
Your system is resistant to poisons. (rPois)
Your spells are harder to cast, but more powerful.
Your movements are slightly less encumbered by armour. (ER -2)


Message History

The ice beast is moderately wounded.
The ice beast hits you. The ice beast freezes you!
You barely miss the ice beast.
The ice beast is moderately wounded.
You block the ice beast's attack.
You hit the ice beast but do no damage.
The ice beast is heavily wounded.
The ice beast closely misses you.
You barely miss the ice beast.
The ice beast is severely wounded.
The ice beast barely misses you.
You hit the ice beast.
The ice beast is severely wounded.
A kobold brigand comes into view.
It is wielding a +0 club, quivering curare-tipped darts and carrying a wand of acid (7).
The ice beast hits you but does no damage.
You closely miss the ice beast.
The ice beast is severely wounded.
The kobold brigand shouts!
You hear a shout!
You block the ice beast's attack.
You completely miss the ice beast.
The ice beast is severely wounded.
The ice beast hits you but does no damage.
You hit the ice beast.
You kill the ice beast!
Lugonu accepts your kill.
The kobold brigand zaps a wand.
The bolt of acid hits you!!
A kobold comes into view. It is wielding a +0 short sword.
The kobold shouts!
The kobold brigand zaps a wand.
The bolt of acid hits you!!
* * * LOW HITPOINT WARNING * * *
A kobold comes into view. It is wielding a +0 club.
A kobold comes into view. It is wielding a +0 dagger.
The kobold shouts!
You hear a shout!
The kobold brigand hits you with a +0 club.
* * * LOW HITPOINT WARNING * * *
You hit the kobold brigand but do no damage.
The kobold brigand zaps a wand.
The bolt of acid misses you.
You closely miss the kobold brigand.
The kobold brigand zaps a wand.
The bolt of acid hits you!
You die...

########################
...K......$.............
....KKK@................
...#####....###########.
#..).####### ## {
#....#.....######
.#####....#.....#.....
................'.....
.#####....#.....#.....
#....#...........
#................


You could see a kobold brigand and 3 kobolds.

Vanquished Creatures
  An ugly thing (D:7)
  An unseen horror (D:6)
  Grinder (D:4)
  Edmund (D:4)
  A water moccasin (D:7)
  A sky beast (D:7)
  A black bear (D:6)
  An orc warrior (D:8)
  3 ice beasts
  A hornet zombie (D:6)
  An ogre (D:3)
  4 centaurs
  A kobold brigand (D:8)
  A gnoll sergeant (D:6)
  A wyvern zombie (D:7)
  A scorpion (D:4)
  A wyvern skeleton (D:5)
  4 killer bees (D:7)
  A bullfrog zombie (D:5)
  A hound (D:7)
  A jelly (D:7)
  A centaur skeleton (D:6)
  An iguana (D:5)
  2 orc wizards
  2 howler monkey zombies
  4 gnolls
  3 adders
  A shadow imp (D:8)
  2 ufetubi (D:4)
  2 worms
  3 dart slugs
  9 orcs
  8 ball pythons
  6 bats
  9 endoplasms
  4 giant cockroaches
  8 goblins
  6 hobgoblins
  5 quokkas
  4 frilled lizards (D:1)
  12 kobolds
  7 rats
128 creatures vanquished.

Notes
Turn   | Place    | Note
-------+----------+-------------------------------------------
     0 | Abyss:1  | heikuro the Formicid Abyssal Knight began the quest for the
                  | Orb.
     0 | Abyss:1  | Reached XP level 1. HP: 18/18 MP: 2/2
    70 | Abyss:1  | Noticed a small abomination
    74 | D:1      | Escaped the Abyss
   111 | D:1      | You fall into a shaft and drop 1 floor!
   126 | D:2      | Reached skill level 1 in Dodging
   318 | D:2      | Reached * piety under Lugonu
   319 | D:2      | Reached XP level 2. HP: 21/24 MP: 3/3
   886 | D:1      | Reached XP level 3. HP: 29/29 MP: 4/4
  1523 | D:1      | Reached XP level 4. HP: 33/36 MP: 6/6
  2030 | D:2      | Gained mutation: You possess an exceptional clarity of
                  | mind. [potion of mutation]
  2031 | D:2      | Lost mutation: You possess an exceptional clarity of mind.
                  | [potion of mutation]
  2031 | D:2      | Gained mutation: Your spells are a little harder to cast,
                  | but a little more powerful. [potion of mutation]
  2031 | D:2      | Gained mutation: Your muscles are strong. (Str +2) [potion
                  | of mutation]
  2190 | D:2      | Reached ** piety under Lugonu
  2294 | D:3      | Noticed an ogre
  2363 | D:3      | Reached skill level 1 in Shields
  2676 | D:3      | Reached XP level 5. HP: 30/42 MP: 7/7
  2996 | D:3      | Found a faded altar of an unknown god.
  3240 | D:3      | Killed an ogre
  3241 | D:3      | Reached XP level 6. HP: 19/48 MP: 8/8
  3713 | D:4      | Noticed Grinder
  3740 | D:4      | Killed Grinder
  3741 | D:4      | Reached XP level 7. HP: 7/55 MP: 9/9
  4259 | D:4      | Noticed Edmund
  4301 | D:4      | Killed Edmund
  4589 | D:4      | Reached skill level 1 in Slings
  4973 | D:5      | Entered Level 5 of the Dungeon
  5153 | D:5      | Found a hazy altar of Hepliaklqana.
  5263 | D:5      | Reached XP level 8. HP: 28/61 MP: 11/11
  5449 | D:5      | Found Pathruque's Jewellery Shop.
  5810 | D:6      | Found a runed translucent gate.
  5810 | D:6      | Found a runed translucent gate.
  5810 | D:6      | Found a runed translucent gate.
  5824 | D:6      | Noticed omnomnOMINOUS's ghost (novice OpWn)
  5825 | D:6      | Identified the +5 chain mail of Creativity {rCorr Dex+4}
  5950 | D:6      | Reached skill level 5 in Long Blades
  6211 | D:6      | Reached skill level 5 in Shields
  6288 | D:6      | Reached skill level 5 in Fighting
  6496 | D:6      | Noticed an unseen horror
  6525 | D:6      | Killed an unseen horror
  6774 | D:6      | Reached skill level 5 in Invocations
  7072 | D:6      | Reached XP level 9. HP: 64/68 MP: 12/12
  8077 | D:7      | Noticed a cyan ugly thing
  8161 | D:7      | Killed a cyan ugly thing
  8162 | D:7      | Reached skill level 5 in Armour
  8651 | D:7      | Identified the +1 scale mail of Dyspraxia {rElec Int-3
                  | Slay+2}
  9261 | D:7      | Found a staircase to the Ecumenical Temple.
  9330 | Temple   | Entered the Ecumenical Temple
 10279 | D:8      | Lost mutation: Your muscles are strong. (Str +2) [potion of
                  | mutation]
 10279 | D:8      | Gained mutation: Your system is resistant to poisons.
                  | (rPois) [potion of mutation]
 10279 | D:8      | Gained mutation: You are clumsy. (Dex -2) [potion of
                  | mutation]
 10279 | D:8      | Gained mutation: Your movements are slightly less
                  | encumbered by armour. (ER -2) [potion of mutation]
 10279 | D:8      | Gained mutation: Your spells are harder to cast, but more
                  | powerful. [potion of mutation]
 10382 | D:8      | Reached XP level 10. HP: 69/76 MP: 14/14
 10438 | D:8      | Found Hytav's Book Shoppe.
 10635 | D:8      | Killed from afar by a kobold brigand

Illustrated notes

Levels and vault maps discovered:
D:1:      dpeg_arrival_shrine, layout_basic
D:2:      layout_basic, minmay_hexomino_p4
D:3:      layout_basic, hellmonk_ecumenical_altar_slurped_away,
          kennysheep_generic_room_3
D:4:      layout_basic, uniq_edmund, uniq_grinder
D:5:      layout_basic, worldfamousw_hep_ancestral_shrine, serial_shops,
          nicolae_square_shop
D:6:      layout_basic, biasface_ghost_orc_armoury
D:7:      layout_basic, minmay_temple_entry_nine_rooms
D:8:      layout_basic, lair_entry_dummy, serial_shops, shop
Temple:   dpeg_three_leaves_temple

Skill      XL: |  1  2  3  4  5  6  7  8  9 10 |
---------------+-------------------------------+-----
Dodging        | 1 |  1.0
Long Blades    | 3 4 5 7 |  7.2
Shields        | 1 2 3 4 5 7 |  7.7
Invocations    | 3 4 5 6 |  6.2
Armour         | 3 4 5 |  5.6
Fighting       | 4 5 6 |  6.2
Slings         | 1 2 3 4 |  4.0

Action                   |  1- 3 |  4- 6 |  7- 9 | 10-12 || total
-------------------------+-------+-------+-------+-------++-------
Melee: Falchion          |    90 |    93 |   136 |       ||   319
       Short sword       |       |    27 |   106 |    32 ||   165
       Dagger            |       |       |     2 |       ||     2
 Fire: Hunting sling     |       |       |    65 |       ||    65
Throw: Dart              |       |       |    40 |       ||    40
       Javelin           |       |       |     2 |       ||     2
Invok: Depart the Abyss  |     1 |       |       |       ||     1
       Bend Space        |       |       |    24 |       ||    24
 Abil: Dig               |     5 |     2 |     2 |       ||     9
  Use: Scroll            |     1 |     4 |     3 |       ||     8
       Potion            |       |     2 |     1 |       ||     3
Armor: Ring mail         |    53 |    32 |     6 |       ||    91
       Leather armour    |     1 |       |       |       ||     1
       Chain mail        |       |       |    73 |       ||    73
       Scale mail        |       |       |    38 |     7 ||    45
Dodge: Dodged            |    61 |    34 |   100 |    11 ||   206
Block: Kite shield       |    14 |    33 |   120 |     8 ||   175

Table legend: (Time is in decaauts)
 A = Elapsed time spent in this place.
 B = Non-inter-level travel time spent in this place.
 C = Inter-level travel time spent in this place.
 D = Time resting spent in this place.
 E = Time spent auto-exploring this place.
 F = Levels seen in this place.
 G = Mean time per level.
                   A        B        C        D        E       F      G
               +--------+--------+--------+--------+--------+-----+--------+
         Total |  10727 |  10220 |    507 |   3798 |   4383 |  10 | 1072.7 |
       Dungeon |  10573 |  10080 |    493 |   3798 |   4266 |   8 | 1321.6 |
        Temple |     79 |     65 |     14 |      0 |     55 |   1 |   79.0 |
         Abyss |     74 |     74 |      0 |      0 |     62 |   1 |   74.0 |
               +--------+--------+--------+--------+--------+-----+--------+

Top non-repeatable levels by time:
     D:6: 1938 daAuts
     D:7: 1909 daAuts
     D:3: 1421 daAuts
     D:4: 1277 daAuts
     D:1: 1255 daAuts
     D:2: 1025 daAuts
     D:8: 905 daAuts
     D:5: 841 daAuts
  Temple: 79 daAuts
 Abyss:1: 74 daAuts
